 Dungeon Crawl Stone Soup version 0.27-a0-1245-g940ed4fa31 (webtiles) character file.

Game seed: 2264188408994399843

154 rabbitsville the Chiller (level 5, 0/35 HPs)
             Began as a Merfolk Ice Elementalist on June 10, 2021.
             Was a Priest of Cheibriados.
             Slain by an iguana (10 damage)
             ... on level 5 of the Dungeon.
             The game lasted 00:51:23 (5885 turns).

rabbitsville the Chiller (Merfolk Ice Elementalist) Turns: 5885, Time: 00:51:25

Health: 0/35       AC:  5    Str: 20    XL:     5   Next: 35%
Magic:  8/9        EV: 13    Int: 22    God:    Cheibriados [***...]
Gold:   184        SH:  0    Dex: 20    Spells: 6/10 levels left

rFire    . . .     SeeInvis .   e - +0 short sword
rCold    . . .     Faith    .   (no shield)
rNeg     . . .     Spirit   .   B - +0 leather armour
rPois    .         Reflect  .   z - +0 helmet
rElec    .         Harm     .   (no cloak)
rCorr    .         Rampage  .   (no gloves)
Will     .....                  y - +0 pair of boots
Stlth    ++........             (no amulet)
HPRegen  0.11/turn              h - +6 ring of strength
MPRegen  0.11/turn              (no ring)

@: very slow
A: (nimble swimmer 2), mertail
a: Renounce Religion, Bend Time, Temporal Distortion


You were on level 5 of the Dungeon.
You worshipped Cheibriados.
Cheibriados was most pleased with you.
You visited 1 branch of the dungeon, and saw 5 of its levels.

You collected 184 gold pieces.

Inventory:

Hand Weapons
 e - a +0 short sword (weapon)
Missiles
 u - 63 stones
 A - 17 bolts
Armour
 y - a +0 pair of boots (worn)
 z - a +0 helmet (worn)
 B - a +0 leather armour (worn)
Jewellery
 h - a +6 ring of strength (left hand)
Scrolls
 b - a scroll of amnesia {unknown}
 l - a scroll of vulnerability {unknown}
 n - a scroll of enchant armour {unknown}
 q - a scroll of torment {unknown}
 r - a scroll of noise {unknown}
 s - 7 scrolls of magic mapping {unknown}
 t - 2 scrolls of identify {unknown}
 v - 2 scrolls of blinking {unknown}
Potions
 a - a potion of flight {unknown}
 c - 3 potions of might {unknown}
 j - 2 potions of heal wounds {unknown}
 k - a potion of mutation {unknown}
 o - a potion of cancellation {unknown}
 p - 3 potions of curing
 x - a potion of haste {unknown}


   Skills:
 * Level 1.6 Short Blades
 + Level 0.1 Armour
 + Level 2.8 Dodging
 + Level 2.6 Stealth
 + Level 3.1 Spellcasting
 + Level 5.9 Ice Magic


You had 6 spell levels left.
You knew the following spells:

 Your Spells              Type           Power      Damage    Failure   Level
a - Freeze                Ice            100%       1d11      1%          1
b - Frozen Ramparts       Ice            58%        1d7       3%          3

Your spell library contained the following spells:

 Spells                   Type           Power      Damage    Failure   Level
 Ozocubu's Armour         Ice            29%        N/A       3%          3
 Hailstorm                Conj/Ice       16%        3d6       41%         4
 Ice Form                 Ice/Tmut       16%        N/A       41%         4
 Summon Ice Beast         Ice/Summ       16%        N/A       41%         4
 Metabolic Englaciation   Hex/Ice        8%         N/A       77%         5
 Freezing Cloud           Conj/Ice/Air   6%         6-21      100%        6
 Simulacrum               Ice/Necr       8%         N/A       100%        6
 Ozocubu's Refrigeration  Ice            14%        4d7       100%        7


Dungeon Overview and Level Annotations

Branches:
Dungeon (5/15)
 Temple: D:4-7

Altars:
Cheibriados
Zin

Shops:
D:3 *


Innate Abilities, Weirdness & Mutations

((You are quick and stealthy near water. (Stealth+, EV+, Speed+++)))
Your lower body shifts to a powerful aquatic tail in water.


Message History

Found 9 gold pieces.
There is an open door here.
You now have 184 gold pieces (gained 9).
There is an open door here.
There is an open door here.
You open the door.
There is an open door here.
Your legs become a tail as you enter the water.
Your +0 pair of boots melds into your body.
Your +0 pair of boots unmelds from your body.
There is a fountain of clear blue water here.
Found a sedimented orange potion.
a - a sedimented orange potion You open the door.
There is an open door here.
You open the door.
There is an open door here.
You open the door.
There is an open door here.
You open the door.
There is an open door here.
There is an open door here.
As you open the door, it creaks loudly!
There is an open door here.
You open the door.
There is an open door here.
An iguana comes into view.
The iguana hisses angrily.
The iguana bites you! The iguana bites you.
You hit the iguana but do no damage. The iguana bites you!
* * * LOW HITPOINT WARNING * * *
Casting: Freeze (safe; 1% risk of failure)
Confirm with . or Enter, or press ? or * to list all spells.
Aiming: Freeze (safe; 1% risk of failure)
Press: ? - help, Shift-Dir - straight line, f - iguana
Aim: an iguana You freeze the iguana.
The iguana is lightly wounded.
The iguana seems to slow down.
The iguana bites you!
You die...

+....'.........
###....##..###..#
....#'###..###..## #
....#..#.........# .#
....#..#.........# .#
....#####.####..# ..#
......###.####..##..##
......#...#..........#
......'...'.....@l...#
......#...#..........#
......#...#..........#
......#'##############
####.......#
...#.......#
..#.......#
##.#.......#
.#.##'####.....


You could see an iguana (slow).

Vanquished Creatures
  2 iguanas
  2 adders (D:3)
  A worm (D:4)
  2 dart slugs
  6 orcs
  6 bats
  9 endoplasms
  3 giant cockroaches
  3 goblins
  6 hobgoblins
  6 jackals
  2 quokkas
  5 ball pythons
  A frilled lizard (D:3)
  6 kobolds
  5 rats
65 creatures vanquished.

Notes
Turn   | Place    | Note
-------+----------+-------------------------------------------
     0 | D:1      | rabbitsville the Merfolk Ice Elementalist began the quest
                  | for the Orb.
     0 | D:1      | Reached XP level 1. HP: 13/13 MP: 3/3
   195 | D:1      | Found a faded altar of an unknown god.
   204 | D:1      | Became a worshipper of Cheibriados the Contemplative
   204 | D:1      | Reached * piety under Cheibriados
   404 | D:1      | Reached XP level 2. HP: 19/19 MP: 3/5
  1266 | D:1      | Reached skill level 5 in Ice Magic
  1270 | D:1      | Reached ** piety under Cheibriados
  1462 | D:1      | Reached XP level 3. HP: 24/24 MP: 4/6
  2571 | D:2      | Reached XP level 4. HP: 30/30 MP: 3/7
  2876 | D:2      | Reached skill level 1 in Short Blades
  3401 | D:3      | Found Zin's Purification Station.
  3402 | D:3      | Found a glowing silver altar of Zin.
  3605 | D:3      | Learned a level 3 spell: Frozen Ramparts
  4203 | D:4      | Reached XP level 5. HP: 33/35 MP: 4/9
  4207 | D:4      | Reached *** piety under Cheibriados
  5699 | D:5      | Entered Level 5 of the Dungeon
  5885 | D:5      | Slain by an iguana

Illustrated notes

Levels and vault maps discovered:
D:1:      shiori_shiawase, layout_basic, hellmonk_ecumenical_altar_prayer_group
D:2:      minmay_general_purpose_star, layout_basic
D:3:      layout_loops_cross, zin_purify
D:4:      layout_cave_pods
D:5:      layout_gridville, minmay_temple_entry_fiery, minivault_23,
          fountainhead, dk_rats_in_the_wall, uniq_crazy_yiuf_cottage,
          uniq_menkaure

Skill      XL: |  1  2  3  4  5 |
---------------+----------------+-----
Ice Magic      | 5 |  5.9
Short Blades   | 1 |  1.6
Spellcasting   | 3 |  3.1
Armour         | |  0.1
Dodging        | |  2.8
Stealth        | |  2.6

Action                   |  1- 3 |  4- 6 || total
-------------------------+-------+-------++-------
Melee: Short sword       |    14 |     6 ||    20
 Cast: Freeze            |    47 |    52 ||    99
Armor: Robe              |     4 |     3 ||     7
       Leather armour    |       |     1 ||     1
Dodge: Dodged            |    42 |    22 ||    64

Table legend: (Time is in decaauts)
 A = Elapsed time spent in this place.
 B = Non-inter-level travel time spent in this place.
 C = Inter-level travel time spent in this place.
 D = Time resting spent in this place.
 E = Time spent auto-exploring this place.
 F = Levels seen in this place.
 G = Mean time per level.
                   A        B        C        D        E       F      G
               +--------+--------+--------+--------+--------+-----+--------+
         Total |   8078 |   8078 |      0 |   1090 |      0 |   5 | 1615.6 |
       Dungeon |   8078 |   8078 |      0 |   1090 |      0 |   5 | 1615.6 |
               +--------+--------+--------+--------+--------+-----+--------+

Top non-repeatable levels by time:
     D:1: 2152 daAuts
     D:4: 2110 daAuts
     D:2: 1919 daAuts
     D:3: 1610 daAuts
     D:5: 285 daAuts
